 Dungeon Crawl Stone Soup version 0.30.0-29-ga12c61a403 (webtiles) character file.

Game seed: 12002787496776735126

46 Goreval the Cudgeller (level 3, 32/33 HPs)
             Began as an Armataur Berserker on June 23, 2023.
             Was a Believer of Trog.
             Quit the game on level 4 of the Dungeon.
             The game lasted 00:02:18 (852 turns).

Goreval the Cudgeller (Armataur Berserker)           Turns: 852, Time: 00:02:18

Health: 32/33      AC:  9    Str: 24    XL:     3   Next: 46%
Magic:  3/3        EV:  5    Int:  7    God:    Trog [**....]
Gold:   87         SH:  0    Dex:  9    Spells: 2/2 levels left

rFire   . . .        a - +0 mace
rCold   . . .        (no shield)
rNeg    . . .        c - +0 plate armour
rPois   .            (no helmet)
rElec   .            (no cloak)
rCorr   .            (no gloves)
SInv    .            (no barding)
Will    .....        (no amulet) Stlth
                     (no ring)
HPRegen 0.25/turn    (no ring)
MPRegen 0.08/turn

%: roll
@: no status effects
A: large, rugged brown scales 3, deformed body, armoured tail, roll, long
tongue, awkward tongue
a: Renounce Religion, Berserk, Trog's Hand


You were on level 4 of the Dungeon.
You worshipped Trog.
Trog was pleased with you.
You visited 1 branch of the dungeon, and saw 3 of its levels.

You collected 87 gold pieces.

Inventory:

Hand Weapons
 a - a +0 mace (weapon)
Armour
 c - a +0 plate armour (worn)
Scrolls
 b - a scroll of fog {unknown}
 d - a scroll of teleportation {unknown}
 e - 4 scrolls of identify {unknown}
 f - a scroll of enchant armour {unknown}
 i - a scroll of magic mapping {unknown}
Potions
 g - a potion of haste {unknown}
 h - a potion of attraction {unknown}
 j - a potion of mutation {unknown}
 k - a potion of lignification {unknown}


   Skills:
 + Level 3.2 Fighting
 + Level 3.2 Maces & Flails
 + Level 3.0 Armour
 + Level 1.6 Dodging


You had 2 spell levels left.
You didn't know any spells.
Your spell library was empty.

Dungeon Overview and Level Annotations

Branches:
Dungeon (2/15)

Altars:


Innate Abilities, Weirdness & Mutations

You are completely covered in rugged brown scales. (AC +3, +7% HP)
Armour fits poorly on your strangely shaped body.
You have a long armoured tail.
You roll when moving toward enemies. (Rampage)
Your long tongue fully drains potion bottles. (2x potion effects)
Your tongue gives you trouble enunciating. (1.5x scroll delay)


Message History

The worm closely misses you.
You hit the worm.
The worm is almost dead.
The worm bites you but does no damage.
You hit the worm.
The worm is almost dead.
The worm bites you.
You hit the worm.
You kill the worm!
Trog accepts your kill.
You see here a worm corpse.
You can't repeat rolling.
No previous command to re-do.
No previous command to re-do.
No previous command to re-do.
You start resting.
A hobgoblin comes into view.
You see here a worm corpse.
You closely miss the hobgoblin.
The hobgoblin hits you but does no damage.
You hit the hobgoblin.
Your tail-slap misses the hobgoblin.
The hobgoblin is lightly wounded.
The hobgoblin hits you but does no damage.
You hit the hobgoblin.
The hobgoblin is almost dead.
The hobgoblin hits you but does no damage.
The hobgoblin completely misses you.
You barely miss the hobgoblin.
The hobgoblin is severely wounded.
The hobgoblin hits you.
You sock the hobgoblin!
You kill the hobgoblin!
Trog accepts your kill.
Save game and exit?
Okay, then.
Unknown command.
Are you sure you want to abandon this character and quit the game? (Confirm with "yes".)
Okay, then.
Unknown command.
Are you sure you want to abandon this character and quit the game? (Confirm with "yes".)

...# ##..## .....#
##### .....#
#...###.....#
####(..#.......# #
#........##..###
....#####.##...###.
.#
#......†.@........
#
#.###....##.####.#
#......#.#
...######### ...#
##. #


There were no monsters in sight!

Vanquished Creatures
  A worm (D:4)
  A dart slug (D:2)
  5 ball pythons
  2 bats
  4 endoplasms (D:1)
  A giant cockroach (D:1)
  3 goblins (D:1)
  6 hobgoblins
  4 jackals (D:1)
  A quokka (D:1)
  2 kobolds (D:1)
  5 rats (D:1)
35 creatures vanquished.

Notes
Turn   | Place    | Note
-------+----------+-------------------------------------------
     0 | D:1      | Goreval the Armataur Berserker began the quest for the Orb.
     0 | D:1      | Reached XP level 1. HP: 19/19 MP: 1/1
   135 | D:1      | Reached XP level 2. HP: 26/26 MP: 2/2
   433 | D:1      | Reached ** piety under Trog
   457 | D:1      | Reached XP level 3. HP: 28/33 MP: 3/3
   822 | D:2      | You fall into a shaft and drop 2 floors!
   852 | D:4      | Quit the game

Illustrated notes

Levels and vault maps discovered:
D:1:      eino_arrival_druids_welcome, layout_basic
D:2:      layout_basic, basic_altar
D:4:      layout_rooms, uniq_crazy_yiuf_cottage

Skill      XL: |  1  2 |
---------------+-------+-----
Fighting       | 3 |  3.2
Maces & Flails | 3 |  3.2
Armour         | 3 |  3.0
Dodging        | |  1.6

Action                     || total
---------------------------++-------
  Melee: Mace              ||    98
         Tailslap          ||    10
         Punch             ||     2
 Armour: Plate armour      ||    77
  Dodge: Dodged            ||    31
